 Dungeon Crawl Stone Soup version 0.24.0-1-gfbc8707 (webtiles) character file.

Game seed: 4491961494129593841, levelgen mode: deterministic

2992 DrEnzyme the Covered (level 10, -6/74 HPs)
             Began as a Formicid Wanderer on Nov 6, 2019.
             Was an Initiate of Gozag.
             Mangled by a two-headed ogre
             ... wielding a +0 giant spiked club
              (21 damage)
             ... on level 8 of the Dungeon.
             The game lasted 00:32:02 (8946 turns).

DrEnzyme the Covered (Formicid Wanderer)            Turns: 8946, Time: 00:32:02

Health: -6/74      AC: 11    Str: 27    XL:     10   Next: 9%
Magic:  13/13      EV: 17    Int: 15    God:    Gozag
Gold:   311        SH:  0    Dex: 15    Spells: 10/14 levels left

rFire    + . .     SeeInvis +   b - +1 dagger (venom)
rCold    . . .     Gourm    .   (no shield)
rNeg     . . .     Faith    .   r - +2 scale mail
rPois    .         Spirit   .   (helmet unavailable)
rElec    .         Reflect  .   (no cloak)
rCorr    .         Harm     .   n - +0 pair of gloves
MR       +....                  (no boots)
Stlth    +++.......             (no amulet)
HPRegen  0.22/turn              z - ring of protection from fire
MPRegen  0.13/turn              F - ring of wizardry

@: mighty, brilliant, agile
A: permanent stasis, dig shafts and tunnels, four strong arms, antennae 3
a: Dig, Shaft Self, Potion Petition, Call Merchant, Bribe Branch, Renounce
Religion


You were on level 8 of the Dungeon.
You worshipped Gozag.
Gozag was aware of your devotion.
You were hungry.

You visited 2 branches of the dungeon, and saw 9 of its levels.

You collected 622 gold pieces.
You spent 168 gold pieces at shops.
You paid 143 gold pieces to Gozag.

Inventory:

Hand Weapons
 a - a +0 hand axe
 b - a +1 dagger of venom (weapon)
 d - a +0 shortbow
 C - a +3 dire flail of draining
Missiles
 c - 166 arrows
 e - 10 poisoned darts (quivered)
 t - 5 javelins
 y - 99 stones
Armour
 i - a +0 leather armour
 n - a +0 pair of gloves (worn)
 r - a +2 scale mail (worn)
Jewellery
 z - a ring of protection from fire (left hand)
 A - a +2 ring of dexterity
 F - a ring of wizardry (right hand)
Wands
 x - a wand of acid (33)
 B - a wand of digging (7)
 E - a wand of random effects (12)
Scrolls
 h - 9 scrolls of remove curse
 j - 2 scrolls of magic mapping
 m - 4 scrolls of amnesia
 o - a scroll of immolation
 s - a scroll of fog {unknown}
Potions
 g - 3 potions of agility
 k - a potion of heal wounds
 l - 2 potions of magic
 p - 2 potions of brilliance
 q - 3 potions of haste
 v - 2 potions of curing
 w - a potion of flight
 D - a potion of mutation
 G - a potion of cancellation {unknown}
Comestibles
 f - 13 rations


   Skills:
 + Level 5.5 Fighting
 + Level 5.6 Short Blades
 * Level 5.5 Axes
 + Level 1.0 Bows
 + Level 1.9 Throwing
 + Level 7.6 Armour
 + Level 3.0 Dodging
 * Level 6.5 Stealth
   Level 1.2 Shields
 * Level 2.6 Spellcasting
 * Level 3.0 Earth Magic
 + Level 1.1 Evocations


You had 10 spell levels left.
You knew the following spells:

 Your Spells              Type           Power        Failure   Level  Hunger
a - Sandblast             Erth           ###...       1%          1    #......
b - Animate Skeleton      Necr           N/A          4%          1    #......
c - Apportation           Tloc           ##....       4%          1    #......
d - Confusing Touch       Hex            ##....       4%          1    #......

Your spell library contained the following spells:

 Spells                   Type           Power        Failure   Level  Hunger
 Summon Small Mammal      Summ           ##..         4%          1    #......
 Passwall                 Tmut/Erth      ###.....     4%          2    ##.....
 Stone Arrow              Conj/Erth      ###...       8%          3    ###....
 Confuse                  Hex            ##......     13%         3    ###....
 Gell's Gravitas          Tloc           ##........   13%         3    ###....
 Petrify                  Tmut/Erth      ###.....     22%         4    #####..
 Lee's Rapid Deconstruct  Erth           ###.......   30%         5    ######.
 Metabolic Englaciation   Hex/Ice        ##........   67%         5    ######.
 Yara's Violent Unravell  Hex/Tmut       ##........   67%         5    ######.


Dungeon Overview and Level Annotations

Branches:
Dungeon (8/15)             Temple (1/1) D:7
   Lair: D:8-11

Altars:
Cheibriados
Dithmenos
Elyvilon
Fedhas
Gozag
Hepliaklqana
Makhleb
Nemelex Xobeh
Okawaru
Ru
Trog
Wu Jian
Xom
Yredelemnul
Zin
The Shining One

Shops:
D:6 *

Annotations:
D:3 exclusion: downstairs
D:5 1 runed translucent door, RedSky's ghost, novice DsIE


Innate Abilities, Weirdness & Mutations

You cannot be hasted, slowed, berserked, paralysed or teleported.
You can dig through walls and to a lower floor.
Your four strong arms can wield two-handed weapons with a shield.
You have a pair of large antennae on your head. (SInv)


Message History

You barely miss the two-headed ogre.
The two-headed ogre is almost dead.
The two-headed ogre hits you but does no damage. x2
You hit the two-headed ogre but do no damage.
The two-headed ogre is almost dead.
You hit the two-headed ogre but do no damage.
The two-headed ogre is almost dead.
The two-headed ogre hits you with a +0 giant spiked club!
The two-headed ogre hits you with a +0 giant club!
* * * LOW HITPOINT WARNING * * *
You see here a +0 giant spiked club. [a] - 0 gold - resistance and might [b] - 0 gold - might, agility and brilliance [c] - 0 gold - curing and magic Purchase which effect?
You feel very mighty all of a sudden.
You feel agile all of a sudden.
You feel clever all of a sudden.
The two-headed ogre hits you with a +0 giant spiked club!!
You die...
Your body crumbles into a pile of gold.

.....#............#
.....#............#
....##...##...._..#
....##...##.......######
.........##......(.....#
.........##...#........+
..............#........#
..............#........#
..........)...#.@......#
$
...###..###..###O..##..#
###########..###...## .#
#.........#.....# .
#........)#.....#
#........?......#
#.#..#...#......# #
########....### .#
#.######...##


You could see a two-headed ogre.

Vanquished Creatures
  A hippogriff (D:7)
  Eustachio (D:5)
  A steam dragon (D:7)
  Edmund (D:4)
  A phantom (D:6)
  2 orc warriors (D:7)
  A sky beast (D:7)
  6 ogres
  2 centaurs
  2 bullfrogs
  A scorpion (D:6)
  5 howler monkeys
  2 crimson imps (D:6)
  An orc priest (D:7)
  5 hounds
  A bullfrog skeleton (D:5)
  4 centaur skeletons
  A jelly (D:6)
  9 worker ants
  A hound zombie (D:6)
  4 gnolls (D:6)
  20 adders
  An ooze (D:6)
  An adder zombie (D:1)
  5 worms
  4 dart slugs
  5 leopard geckos
  33 orcs
  A ball python (D:2)
  A bat zombie (D:1)
  9 giant cockroaches
  6 goblins
  6 hobgoblins
  9 jackals
  5 quokkas
  9 bats
  7 frilled lizards
  A jackal skeleton (D:4)
  10 kobolds
  2 leopard gecko skeletons
  A quokka skeleton (D:5)
  2 quokka zombies
  7 rats
197 creatures vanquished.

Vanquished Creatures (others)
  A withered plant (D:5)
1 creature vanquished.

Grand Total: 198 creatures vanquished

Notes
Turn   | Place    | Note
-------+----------+-------------------------------------------
     0 | D:1      | DrEnzyme the Formicid Wanderer began the quest for the Orb.
     0 | D:1      | DrEnzyme set off with the following items: a +0 shortbow, a
                  | +2 scale mail, 24 arrows, a +0 hand axe, a ration
     0 | D:1      | Reached XP level 1. HP: 18/18 MP: 1/1
    83 | D:1      | Reached XP level 2. HP: 24/24 MP: 2/2
   363 | D:1      | Reached XP level 3. HP: 26/29 MP: 3/3
   417 | D:1      | Reached skill level 1 in Bows
   730 | D:1      | You fall into a shaft and drop 1 floor!
   834 | D:2      | Reached XP level 4. HP: 37/37 MP: 4/4
  1584 | D:2      | Reached XP level 5. HP: 41/42 MP: 5/5
  1866 | D:3      | Reached skill level 5 in Armour
  2138 | D:2      | Reached skill level 1 in Stealth
  2311 | D:3      | Reached skill level 1 in Short Blades
  2311 | D:3      | Reached XP level 6. HP: 45/48 MP: 6/6
  2646 | D:3      | Reached skill level 1 in Dodging
  2841 | D:4      | Noticed an ogre
  3140 | D:4      | Reached XP level 7. HP: 54/54 MP: 7/7
  4339 | D:5      | Entered Level 5 of the Dungeon
  4339 | D:5      | Noticed Eustachio
  4382 | D:5      | Noticed Edmund
  4409 | D:4      | Killed Edmund
  4409 | D:4      | Reached XP level 8. HP: 45/61 MP: 8/8
  4510 | D:5      | Killed Eustachio
  4510 | D:5      | Reached skill level 6 in Armour
  4542 | D:5      | Found a runed translucent door.
  4542 | D:5      | Noticed RedSky's ghost (novice DsIE)
  5449 | D:6      | Found an iron altar of Okawaru.
  6073 | D:6      | Reached skill level 5 in Stealth
  6073 | D:6      | Reached XP level 9. HP: 42/67 MP: 9/9
  6349 | D:6      | Reached skill level 5 in Fighting
  6500 | D:6      | Learned a level 1 spell: Sandblast
  6627 | D:6      | Found Duipion's Assorted Antiques.
  6635 | D:6      | Bought a ring of dexterity for 42 gold pieces
  6635 | D:6      | Bought a jewelled iron wand for 84 gold pieces
  6635 | D:6      | Bought a scroll of identify for 42 gold pieces
  6857 | D:7      | Reached skill level 5 in Axes
  6946 | D:7      | Reached skill level 5 in Short Blades
  6946 | D:7      | Reached skill level 1 in Spellcasting
  6946 | D:7      | Reached skill level 1 in Earth Magic
  7273 | D:7      | Noticed a hippogriff
  7283 | D:7      | Killed a hippogriff
  7283 | D:7      | Reached skill level 1 in Throwing
  7283 | D:7      | Reached skill level 7 in Armour
  7549 | D:7      | Found a staircase to the Ecumenical Temple.
  7573 | Temple   | Entered the Ecumenical Temple
  7749 | Temple   | Became a worshipper of Gozag Ym Sagoz the Greedy
  8461 | D:7      | Reached XP level 10. HP: 70/74 MP: 13/13
  8587 | D:8      | Learned a level 1 spell: Animate Skeleton
  8589 | D:8      | Learned a level 1 spell: Apportation
  8591 | D:8      | Learned a level 1 spell: Confusing Touch
  8820 | D:8      | Found a sparkling altar of Nemelex Xobeh.
  8886 | D:8      | Noticed a two-headed ogre
  8946 | D:8      | Mangled by a two-headed ogre

Levels and vault maps discovered:
D:1:      saegor_arrival_fortress, layout_basic
D:2:      layout_rooms, first_ration, chequers_serial_rivers_marsh
D:3:      layout_basic
D:4:      layout_basic, feat_on_display
D:5:      layout_loops_cross, gammafunk_ghost_grave, uniq_edmund, uniq_eustachio
D:6:      layout_cave_pools, serial_shops, kennysheep_little_box,
          okawaru_trees_1
D:7:      layout_basic, minmay_temple_entry_arrows
D:8:      layout_gridville, basic_altar, serial_shops, shop
Temple:   eino_temple_scatter_basement

Skill      XL: |  1  2  3  4  5  6  7  8  9 10 |
---------------+-------------------------------+-----
Bows           | 1 |  1.0
Axes           | 2 3 4 5 |  5.5
Fighting       | 4 5 |  5.5
Armour         | 5 6 7 |  7.6
Stealth        | 1 2 3 5 6 |  6.5
Short Blades   | 1 2 3 4 5 |  5.6
Dodging        | 1 2 3 |  3.0
Spellcasting   | 2 |  2.6
Earth Magic    | 2 3 |  3.0
Throwing       | 1 |  1.9
Shields        | |  1.2
Evocations     | |  1.1

Action                   |  1- 3 |  4- 6 |  7- 9 | 10-12 || total
-------------------------+-------+-------+-------+-------++-------
Melee: Hand axe          |    82 |    90 |       |       ||   172
       Dagger            |       |   232 |   493 |    53 ||   778
 Fire: Shortbow          |    27 |       |       |       ||    27
Throw: Dart              |     2 |    12 |    21 |     5 ||    40
 Cast: Confusing Touch   |       |       |       |     1 ||     1
Invok: Potion Petition   |       |       |       |     1 ||     1
  Use: Scroll            |     6 |     5 |     5 |     3 ||    19
 Stab: Sleeping          |       |       |     2 |     1 ||     3
  Eat: Chunk             |       |     8 |    11 |       ||    19
       Ration            |       |       |     2 |       ||     2
Armor: Scale mail        |    65 |   184 |   206 |    10 ||   465
Dodge: Dodged            |    57 |   193 |   234 |    19 ||   503
